 Dungeon Crawl Stone Soup version 0.28-a0-1518-gbe868bca14 (webtiles) character file.

Game seed: 12805511508403975512

47 hashsling the Magician (level 3, 4/19 HPs)
             Began as a Deep Elf Hedge Wizard on Jan 16, 2022.
             Quit the game on level 3 of the Dungeon.
             The game lasted 00:05:31 (1661 turns).

hashsling the Magician (Deep Elf Hedge Wizard)      Turns: 1661, Time: 00:05:31

Health: 4/19       AC:  2    Str:  7    XL:     3   Next: 48%
Magic:  2/10       EV: 12    Int: 20    God:
Gold:   90         SH:  0    Dex: 14    Spells: 6/10 levels left

rFire   . . .      SeeInvis .   a - +0 dagger (venom)
rCold   . . .      Faith    .   (no shield)
rNeg    . . .      Spirit   .   b - +0 robe
rPois   .          Reflect  .   c - +0 hat
rElec   .          Harm     .   (no cloak)
rCorr   .          Rampage  .   (no gloves)
Will    .....                   (no boots)
Stlth   ++........              (no amulet)
HPRegen 0.06/turn               (no ring)
MPRegen 0.12/turn               (no ring)

@: lethally poisoned (4 -> -10), slowed, very slow
A: no striking features
a: no special abilities


You were on level 3 of the Dungeon.
You visited 1 branch of the dungeon, and saw 3 of its levels.

You collected 90 gold pieces.

Inventory:

Hand Weapons
 a - a +0 dagger of venom (weapon)
Armour
 b - a +0 robe (worn)
 c - a +0 hat (worn)


   Skills:
 - Level 2.4 Dodging
 - Level 2.4 Stealth
 - Level 4.4 Spellcasting
 * Level 3.8 Conjurations
 - Level 1.1 Summonings
 - Level 1.1 Translocations


You had 6 spell levels left.
You knew the following spells:

 Your Spells              Type           Power      Damage    Failure   Level
a - Magic Dart            Conj           76%        1d6       2%          1
b - Blink                 Tloc           16%        N/A       12%         2
c - Slow                  Hex            16%        N/A       12%         1

Your spell library contained the following spells:

 Spells                   Type           Power      Damage    Failure   Level
 Call Imp                 Summ           8%         N/A       12%         2
 Conjure Flame            Conj/Fire      12%        6-21      17%         3
 Scorch                   Fire           8%         2d5       19%         2
 Mephitic Cloud           Conj/Pois/Air  9%         N/A       22%         3
 Flame Wave               Conj/Fire      12%        2d5       50%         4
 Summon Cactus Giant      Summ           4%         N/A       100%        6


Dungeon Overview and Level Annotations

Branches:
Dungeon (3/15)

Altars:

Shops:
D:2 *


Message History

The kobold brigand resists with some effort.
You feel very sick.
Casting: Slow (safe; 12% risk of failure)
Confirm with . or Enter, or press ? or * to list all spells.
Aiming: Slow (safe; 12% risk of failure)
Press: ? - help, Shift-Dir - straight line, f/p - kobold brigand
Aim: a kobold brigand, wielding a +0 club and quivering curare-tipped darts (lightly wounded, chance to affect: 39%)
The kobold brigand resists with some effort.
You feel sick.
Casting: Slow (safe; 12% risk of failure)
Confirm with . or Enter, or press ? or * to list all spells.
Aiming: Slow (safe; 12% risk of failure)
Press: ? - help, Shift-Dir - straight line, f/p - kobold brigand
Aim: a kobold brigand, wielding a +0 club and quivering curare-tipped darts (lightly wounded, chance to affect: 39%)
The kobold brigand resists with some effort.
You feel sick.
Casting: Slow (safe; 12% risk of failure)
Confirm with . or Enter, or press ? or * to list all spells.
Aiming: Slow (safe; 12% risk of failure)
Press: ? - help, Shift-Dir - straight line, f/p - kobold brigand
Aim: a kobold brigand, wielding a +0 club and quivering curare-tipped darts (lightly wounded, chance to affect: 39%)
The kobold brigand resists with some effort.
You feel sick.
Casting: Slow (safe; 12% risk of failure)
Confirm with . or Enter, or press ? or * to list all spells.
Aiming: Slow (safe; 12% risk of failure)
Press: ? - help, Shift-Dir - straight line, f/p - kobold brigand
Aim: a kobold brigand, wielding a +0 club and quivering curare-tipped darts (lightly wounded, chance to affect: 39%)
The kobold brigand seems to slow down.
You feel sick.
You are no longer poisoned.
The kobold brigand barely misses you. 2 jackals come into view.
A jackal comes into view.
The kobold brigand throws a curare-tipped dart.
The curare-tipped dart hits you.
You are lethally poisoned!
You have difficulty breathing.
* * * LOW HITPOINT WARNING * * *
You feel as though you will be slow longer.
The jackal moves out of view. x2
Are you sure you want to abandon this character and quit the game? (Confirm with "yes".)

#.. .. h........ ...###.. ..
......... ........ .###≈≈≈...#
........##.#≈≈≈≈≈≈≈≈
........... ≈≈≈≈≈≈≈ ####. #
.......#†.####≈≈≈###....). .
#............#####.....).###
..........)..)..@.K.######≈###
..........###.....###≈≈≈≈≈≈≈≈#
........#...#######....≈≈≈≈≈≈≈
........###)............≈≈≈≈≈.
...........)..................
...........#......<###........
...........#..................
...........#..)..............#
...........#.......###.......#


You could see a kobold brigand (slow) and a jackal (wandering).

Vanquished Creatures
  An adder (D:2)
  7 endoplasms
  A giant cockroach (D:1)
  5 hobgoblins
  10 kobolds
  A quokka (D:3)
  3 ball pythons (D:2)
  2 bats
  2 frilled lizards
  A goblin (D:1)
  3 rats
36 creatures vanquished.

Notes
Turn   | Place    | Note
-------+----------+-------------------------------------------
     0 | D:1      | hashsling the Deep Elf Hedge Wizard began the quest for the
                  | Orb.
     0 | D:1      | Reached XP level 1. HP: 10/10 MP: 7/7
     3 | D:1      | Noticed an electric eel
   213 | D:1      | Found a faded altar of an unknown god.
   386 | D:1      | Reached XP level 2. HP: 15/15 MP: 6/9
   481 | D:1      | Learned a level 2 spell: Blink
   483 | D:1      | Learned a level 1 spell: Slow
   794 | D:2      | Reached XP level 3. HP: 19/19 MP: 4/10
  1177 | D:2      | Found Hisur's Assorted Antiques.
  1652 | D:3      | Noticed a kobold brigand
  1661 | D:3      | Quit the game

Illustrated notes

Levels and vault maps discovered:
D:1:      arrival_aquarium_a, layout_basic, dreamdust_ecumenical_altar_grove,
          columned_hall_lemuel
D:2:      layout_rooms, serial_shops, shop, nicolae_figureground_pulse
D:3:      cheibrodos_thug_alley, layout_basic

Skill      XL: |  1  2 |
---------------+-------+-----
Conjurations   | 2 3 |  3.8
Dodging        | |  2.4
Stealth        | |  2.4
Spellcasting   | |  4.4
Summonings     | |  1.1
Translocations | |  1.1

Action                   || total
-------------------------++-------
Melee: Dagger            ||    10
 Cast: Magic Dart        ||    83
       Slow              ||     5
       Blink             ||     1
  Use: Scroll            ||     4
Dodge: Dodged            ||     7

Table legend: (Time is in decaauts)
 A = Elapsed time spent in this place.
 B = Non-inter-level travel time spent in this place.
 C = Inter-level travel time spent in this place.
 D = Time resting spent in this place.
 E = Time spent auto-exploring this place.
 F = Levels seen in this place.
 G = Mean time per level.
                   A        B        C        D        E       F      G
               +--------+--------+--------+--------+--------+-----+--------+
         Total |   1663 |   1620 |     43 |      0 |   1400 |   3 |  554.3 |
       Dungeon |   1663 |   1620 |     43 |      0 |   1400 |   3 |  554.3 |
               +--------+--------+--------+--------+--------+-----+--------+

Top non-repeatable levels by time:
     D:2: 761 daAuts
     D:1: 605 daAuts
     D:3: 297 daAuts
